 Dungeon Crawl Stone Soup version 0.31-a0-728-g01b46875f1 (webtiles) character file.

Game seed: 3458002939444264107

326 cforsyth the Trooper (level 6, 0/49 HPs)
             Began as a Djinni Chaos Knight on Sept 12, 2023.
             Was a Plaything of Xom.
             Slain by an orc wizard
             ... wielding a +0 long sword
              (8 damage)
             ... on level 3 of the Dungeon.
             The game lasted 00:04:42 (2808 turns).

cforsyth the Trooper (Djinni Chaos Knight)          Turns: 2808, Time: 00:04:42

Health: 0/49       AC:  5    Str: 11    XL:     6   Next: 79%
Gold:   164        EV: 11    Int: 16    God:    Xom [.*....] SH:  0 Dex: 12

rFire   + + .        a - +0 falchion (chaos)
rCold   x . .        f - +0 buckler
rNeg    . . .        b - +2 leather armour
rPois   ∞            (no helmet)
rElec   .            (no cloak)
rCorr   .            (no gloves)
SInv    .            (boots unavailable)
Will    .....        (no amulet)
Stlth   +            (no ring)
HPRegen 0.28/turn    (no ring)
MPRegen 0.00/turn

%: infuse magic (-1 HP)
@: confused, ambrosia-drunk, flying
A: sickness immunity, fire resistance 2, cold vulnerability 1, float, innate
caster, HP casting, extra vitality 1
a: Renounce Religion


You were on level 3 of the Dungeon.
You worshipped Xom.
You were a plaything of Xom.
You visited 1 branch of the dungeon, and saw 4 of its levels.

You collected 164 gold pieces.

Inventory:

Hand Weapons
 a - a +0 falchion of chaos (weapon)
Armour
 b - a +2 leather armour (worn)
 f - a +0 buckler (worn)
Wands
 o - a wand of polymorph (6)
Scrolls
 c - a scroll of butterflies
 e - 6 scrolls of identify {unknown}
 g - a scroll of noise {unknown}
 h - a scroll of fog {unknown}
 k - a scroll of acquirement {unknown}
 l - 2 scrolls of amnesia {unknown}
 m - a scroll of immolation {unknown}
 n - a scroll of revelation {unknown}
Potions
 i - a potion of heal wounds
 j - a potion of curing {unknown}
 p - a potion of resistance {unknown}


   Skills:
 + Level 4.9 Fighting
 - Level 2.6 Long Blades
 - Level 1.0 Armour
 - Level 2.1 Dodging
 + Level 3.1 Shields
 + Level 2.3 Spellcasting
 + Level 2.3 Conjurations
 + Level 2.3 Hexes
   Level 0.0 Charms
 + Level 2.3 Summonings
 + Level 2.3 Necromancy
 + Level 2.3 Translocations
 + Level 2.3 Transmutations
 + Level 2.3 Fire Magic
 + Level 2.3 Ice Magic
 + Level 2.3 Air Magic
 + Level 2.3 Earth Magic
 + Level 2.3 Poison Magic


You knew the following spells:

 Your Spells              Type           Power      Damage    Failure   Level
a - Magic Dart            Conj           36%        1d4       14%         1
b - Wereblood             Tmut           9%         N/A       22%         2
Your spell library was empty.

Dungeon Overview and Level Annotations

Branches:
Dungeon (4/15)
 Temple: D:4-7

Altars:
Cheibriados
Gozag

Shops:
D:1 *   D:2 !

Annotations:
D:4 Ijyb


Innate Abilities, Weirdness & Mutations

You are immune to sickness and miasma.
You are immune to poison.
Your flesh is very heat resistant. (rF++)
You are vulnerable to cold. (rC-)
You float through the air rather than walking.
You learn spells naturally, not from books.
Your magical power is your life essence.
You have superior vitality. (+4 MHP)


Message History

Something hits you!
* * * LOW HITPOINT WARNING * * *
You block something's attack.
There is a stone staircase leading up here.
Something hits you but does no damage.
Ijyb zaps a wand.
The roots erupt in riotous growth!
The grasping roots grab you!
Ijyb is unaffected.
The grasping roots constrict you.
* * * LOW HITPOINT WARNING * * *
Something hits you but does no damage. The roots lose their grip on you.
You fly upwards.
Reactivating autopickup.
There is a stone staircase leading down here.
You start resting.
Something hits you.
* * * LOW HITPOINT WARNING * * *
Deactivating autopickup; reactivate with Ctrl-A.
You start resting.
You hear some strange, mumbled words.
You are confused.
Something barely misses you.
You hit something. Something hits you.
* * * LOW HITPOINT WARNING * * *
Something hits you but does no damage.
It was a potion of ambrosia.
You are more confused.
You feel invigorated. Something hits you but does no damage.
You hit something. Something hits you!
* * * LOW HITPOINT WARNING * * *
Something hits you.
* * * LOW HITPOINT WARNING * * *
You miss something.
You hear some strange, mumbled words.
A puff of flame appears from out of thin air!
The puff of flame hits you but does no damage.
You resist. Something completely misses you.
You barely miss something. Something hits you.
* * * LOW HITPOINT WARNING * * *
Something hits you!
You die... "Boring in life, boring in death..."

#.########..#........#
#.............#...#.##
##########......###.#
##.###.# #.#
#.###.###.#
#.........#
#.###.##### #.# #{#
#.###@# #.##..#
#.##..# #.##..#
########.##..#
#>.......##..#
##.#########..#
####.#.########..#
....###.)........#


There were no monsters in sight!

Vanquished Creatures
  A vampire bat (D:3)
  Natasha (twice) (D:2)
  4 adders
  2 worms
  4 dart slugs
  3 fire bats (D:3)
  7 orcs
  2 spectral bats (D:3)
  11 ball pythons
  3 bat skeletons (D:3)
  A bat zombie (D:3)
  7 endoplasms
  4 giant cockroaches
  10 goblins
  8 hobgoblins
  4 jackals (D:3)
  4 kobolds
  3 quokkas
  20 bats
  A bat simulacrum (D:3)
  5 frilled lizards
  6 rats
112 creatures vanquished.

Vanquished Creatures (collateral kills)
  A goblin (D:2)
1 creature vanquished.

Vanquished Creatures (others)
  A bat zombie (D:3)
1 creature vanquished.

Grand Total: 114 creatures vanquished

Notes
Turn   | Place    | Note
-------+----------+-------------------------------------------
     0 | D:1      | cforsyth the Djinni Chaos Knight began the quest for the
                  | Orb.
     0 | D:1      | Reached XP level 1. HP: 20/20 MP: 0/0
    54 | D:1      | Found Macwochetz's General Store.
    60 | D:1      | Reached XP level 2. HP: 25/25 MP: 0/0
    99 | D:1      | Reached skill level 1 in Spellcasting
    99 | D:1      | Reached skill level 1 in Conjurations
    99 | D:1      | Reached skill level 1 in Hexes
    99 | D:1      | Reached skill level 1 in Summonings
    99 | D:1      | Reached skill level 1 in Necromancy
    99 | D:1      | Reached skill level 1 in Translocations
    99 | D:1      | Reached skill level 1 in Transmutations
    99 | D:1      | Reached skill level 1 in Fire Magic
    99 | D:1      | Reached skill level 1 in Ice Magic
    99 | D:1      | Reached skill level 1 in Air Magic
    99 | D:1      | Reached skill level 1 in Earth Magic
    99 | D:1      | Reached skill level 1 in Poison Magic
   149 | D:1      | Reached XP level 3. HP: 28/30 MP: 0/0
   149 | D:1      | Learned a level 1 spell: Magic Dart
   387 | D:1      | XOM: silly message
   560 | D:2      | Found Diymac's Distillery.
   649 | D:2      | Reached XP level 4. HP: 32/37 MP: 0/0
   652 | D:2      | Reached skill level 1 in Shields
   800 | D:2      | Reached skill level 4 in Fighting
   879 | D:2      | Noticed Natasha
   883 | D:2      | Killed Natasha
   884 | D:2      | Reached XP level 5. HP: 25/41 MP: 0/0
   884 | D:2      | Learned a level 2 spell: Wereblood
  1095 | D:2      | XOM: silly message
  1131 | D:2      | Noticed Natasha
  1137 | D:2      | Killed Natasha
  1396 | D:3      | Reached XP level 6. HP: 48/48 MP: 0/0
  1621 | D:3      | XOM: scenery: summon butterflies
  1706 | D:3      | XOM: cast spell 'Summon Ice Beast'
  1739 | D:3      | XOM: divination: magic mapping
  1805 | D:3      | You are sucked into a shaft and drop 1 floor!
  2043 | D:4      | XOM: divination: magic mapping
  2235 | D:3      | XOM: 3-stop teleportation journey
  2278 | D:3      | Found an opulent altar of Gozag.
  2278 | D:3      | Found a snail-covered altar of Cheibriados.
  2348 | D:3      | XOM: smoke on damage
  2766 | D:4      | Noticed Ijyb
  2806 | D:3      | HP: 1/49 [something (5)]
  2808 | D:3      | Slain by an orc wizard

Illustrated notes

Levels and vault maps discovered:
D:1:      pf_arrival_petrified_forest, layout_basic, serial_shops,
          nicolae_shop_tiny_real_fake_doors
D:2:      layout_rooms, serial_shops, nicolae_shop_tiny_statue_garden,
          uniq_natasha
D:3:      layout_loops_ring, minitemple, goddamned_bats
D:4:      layout_loops_ring, kennysheep_decorative_pillar, uniq_ijyb

Skill      XL: |  1  2  3  4  5  6 |
---------------+-------------------+-----
Spellcasting   | 1 2 |  2.3
Conjurations   | 1 2 |  2.3
Hexes          | 1 2 |  2.3
Summonings     | 1 2 |  2.3
Necromancy     | 1 2 |  2.3
Translocations | 1 2 |  2.3
Transmutations | 1 2 |  2.3
Fire Magic     | 1 2 |  2.3
Ice Magic      | 1 2 |  2.3
Air Magic      | 1 2 |  2.3
Earth Magic    | 1 2 |  2.3
Poison Magic   | 1 2 |  2.3
Shields        | 1 2 3 |  3.1
Fighting       | 4 |  4.9
Long Blades    | |  2.6
Armour         | |  1.0
Dodging        | |  2.1

Action                     |  1- 3 |  4- 6 || total
---------------------------+-------+-------++-------
  Melee: Falchion          |    95 |   245 ||   340
         Punch             |     1 |       ||     1
   Cast: Magic Dart        |       |     4 ||     4
    Use: Potion            |       |     2 ||     2
   Stab: Distracted        |       |     1 ||     1
         Petrified         |       |     1 ||     1
         Paralysed         |       |     1 ||     1
         Sleeping          |       |     1 ||     1
 Armour: Leather armour    |    66 |   191 ||   257
  Dodge: Dodged            |    67 |   194 ||   261
  Block: Buckler           |    13 |    91 ||   104

Table legend: (Time is in decaauts)
 A = Elapsed time spent in this place.
 B = Non-inter-level travel time spent in this place.
 C = Inter-level travel time spent in this place.
 D = Time resting spent in this place.
 E = Time spent auto-exploring this place.
 F = Levels seen in this place.
 G = Mean time per level.
                   A        B        C        D        E       F      G
               +--------+--------+--------+--------+--------+-----+--------+
         Total |   2882 |   2816 |     66 |      0 |   2089 |   4 |  720.5 |
       Dungeon |   2882 |   2816 |     66 |      0 |   2089 |   4 |  720.5 |
               +--------+--------+--------+--------+--------+-----+--------+

Top non-repeatable levels by time:
     D:3: 1143 daAuts
     D:2: 610 daAuts
     D:1: 573 daAuts
     D:4: 554 daAuts
